Map: Dusk Towers

Players

DavidKing

  • Race: Protoss Protoss
  • League: Silver

lesha - Winner!

  • Race: Terran Terran
  • League: Gold

VOD

Have the link to the VOD?

Description

Time

  • Played on: Jan. 12, 2016, 10:23 a.m.
  • Length: 8:53
Show
View Real Time Build Order
Export as new Build Order

DavidKing Protoss 

Build Orders:  

Get SALT Encoding   

  12  0:01  Probe (Chrono Boost)  
  13  0:11  Probe (Chrono Boost)  
  14  0:19  Pylon  
  14  0:26  Probe (Chrono Boost)  
  15  0:37  Probe (Chrono Boost)  
  15  0:41  Forge  
  16  0:48  Pylon  
  16  0:59  Assimilator  
  16  1:17  Probe (Chrono Boost)  
  17  1:21  Gateway  
  17  1:24  Assimilator  
  17  1:28  Probe (Chrono Boost)  
  17  1:29  Assimilator  
  18  1:42  Pylon  
  18  1:54  Probe (Chrono Boost)  
  19  2:06  Nexus  
  18  2:09  Probe (Chrono Boost)  
  18  2:15  Cybernetics Core  
  19  2:19  Pylon  
  19  2:23  Probe (Chrono Boost)  
  20  2:34  Probe (Chrono Boost)  
  21  2:45  Pylon  
  21  2:47  Pylon  
  21  2:51  Probe (Chrono Boost)  
  22  2:53  Warp Gate (Chrono Boost)  
  22  3:03  Probe  
  23  3:15  Photon Cannon  
  23  3:17  Photon Cannon  
  23  3:18  Probe  
  24  3:23  Probe  
  25  3:28  Probe  
  25  3:33  Gateway  
  26  3:39  Probe  
  26  3:40  Probe  
  28  3:48  Gateway  
  28  3:49  Probe  
  28  3:53  Probe  
  30  4:03  Twilight Council  
  30  4:16  Assimilator  
  30  4:20  Probe  
  30  4:21  Probe, Assimilator  
  32  4:25  Pylon  
  32  4:29  Pylon  
  32  4:31  Probe  
  32  4:33  Probe  
  32  4:34  Pylon  
  34  4:41  Probe  
  34  4:45  Probe  
  36  4:48  Photon Cannon  
  36  4:54  Photon Cannon  
  36  4:59  Pylon  
  36  5:05  Pylon  
  36  5:11  Photon Cannon  
  36  5:12  Probe  
  37  5:17  Photon Cannon  
  37  5:20  Photon Cannon  
  37  5:22  Probe  
  37  5:25  Photon Cannon  
  38  5:30  Blink  
  38  5:36  Templar Archives  
  38  5:38  Stalker  
  40  5:48  Photon Cannon  
  40  5:50  Probe  
  40  5:52  Photon Cannon  
  40  5:54  Probe  
  42  6:01  Stalker  
  42  6:03  Stalker, Psionic Storm  
  46  6:06  Probe  
  46  6:08  Stalker  
  49  6:18  Probe  
  50  6:25  Robotics Facility  
  50  6:29  Pylon  
  50  6:36  Stalker x2, Gateway  
  54  6:40  High Templar  
  56  6:51  Photon Cannon  
  56  6:54  Photon Cannon  
  56  7:03  Stalker  
  56  7:04  Stalker  
  60  7:17  Immortal  
  60  7:18  Stalker  
  66  7:31  High Templar x2  
  70  7:47  Stalker x2  
  74  7:59  Pylon  
  74  8:05  Gateway  
  74  8:10  Stalker x3  
  54  8:29  Stalker  
  54  8:39  Stalker  
Show
View Real Time Build Order
Export as new Build Order

lesha Terran - Winner!

Build Orders: MMM Bio 

Get SALT Encoding   

  12  0:01  SCV  
  13  0:13  SCV  
  14  0:18  Supply Depot  
  14  0:25  SCV  
  15  0:39  SCV  
  15  0:40  Barracks  
  16  0:47  Refinery  
  16  0:51  SCV  
  17  1:10  SCV  
  18  1:29  SCV  
  19  1:34  Marine  
  20  1:42  SCV  
  21  1:58  Marine  
  22  2:06  Barracks  
  23  2:09  Factory  
  23  2:12  Orbital Command  
  22  2:21  Marine  
  23  2:26  Supply Depot  
  23  2:47  SCV  
  24  2:53  Factory Tech Lab  
  24  2:55  Barracks Reactor  
  24  3:00  SCV, Barracks Tech Lab  
  25  3:13  SCV  
  25  3:14  Command Center  
  26  3:20  Siege Tank  
  26  3:21  Marine  
  26  3:26  SCV  
  31  3:32  Refinery  
  31  3:42  Supply Depot  
  31  4:01  Supply Depot x2  
  31  4:03  SCV, Marine x2  
  31  4:04  Marauder  
  36  4:10  Stimpack  
  36  4:15  SCV  
  37  4:26  Starport  
  37  4:27  Barracks  
  37  4:31  SCV  
  39  4:32  Orbital Command  
  39  4:33  Marine  
  39  4:47  Siege Tank  
  39  4:48  SCV  
  43  4:56  Marine x2  
  43  4:57  Marauder  
  43  4:59  SCV  
  48  5:00  SCV  
  48  5:05  Starport Reactor  
  49  5:14  Marine x2  
  49  5:16  SCV  
  49  5:17  SCV  
  49  5:18  Engineering Bay  
  54  5:22  Barracks Reactor  
  54  5:23  Marauder  
  55  5:29  SCV  
  55  5:30  SCV  
  57  5:35  Marine x2  
  59  5:44  Medivac  
  59  5:49  Refinery  
  61  5:51  Refinery  
  61  6:08  Medivac  
  64  6:12  Marauder  
  64  6:13  Marine x3  
  64  6:14  Marine  
  64  6:15  SCV  
  64  6:16  Combat Shields  
  70  6:28  Supply Depot  
  70  6:29  Supply Depot  
  70  6:49  Marine x4  
  70  6:50  SCV x2, Medivac  
  70  6:51  Medivac, Marine  
  70  6:52  Supply Depot  
  78  7:02  SCV  
  79  7:13  Marine  
  79  7:14  Marine x3  
  79  7:15  Marauder  
  85  7:16  Siege Tank  
  88  7:27  SCV x2  
  90  7:31  Marine x3  
  93  7:43  SCV  
  94  7:53  Supply Depot  
  94  7:57  Supply Depot  
  94  8:00  Supply Depot  
  94  8:01  Command Center  
  94  8:03  Armory  
  94  8:07  Engineering Bay  
  94  8:09  Command Center  
  94  8:14  SCV  
  94  8:15  Marauder  
  87  8:26  Marine x3  
  87  8:27  Marine  
Tags
 
Composition
MMM Bio
Matchup
PvT
Add a new tag
Caveats
  • Supply blocks, unpowered buildings, or Contaminate may cause inaccurate times.
  • Supply counts are checked every 10 seconds.